Map: Acid Plant LE

Players

JeiNex - Winner!

  • Race: Zerg Zerg
  • League: Diamond
  • Spawn Location: 5:00

Venom

  • Race: Terran Terran
  • League: Diamond
  • Spawn Location: 11:00

VOD

Have the link to the VOD?

Description

Time

  • Played on: Feb. 24, 2018, 12:16 a.m.
  • Length: 11:48
Show
View Real Time Build Order
Export as new Build Order

JeiNex Zerg - Winner!

Build Orders: Hatch First, Swarm Host 

Get SALT Encoding   

  12  0:00  Drone  
  13  0:12  Overlord  
  13  0:17  Drone  
  14  0:31  Drone x2  
  16  0:36  Drone  
  17  0:53  Hatchery  
  16  0:57  Drone  
  16  0:59  Drone  
  16  1:02  Extractor  
  17  1:15  Spawning Pool  
  17  1:18  Drone  
  17  1:22  Drone  
  18  1:29  Drone  
  19  1:40  Overlord  
  19  2:02  Metabolic Boost  
  19  2:03  Queen  
  19  2:05  Queen  
  19  2:06  Zergling x2  
  19  2:07  Zergling x2  
  25  2:10  Drone  
  25  2:13  Drone  
  27  2:17  Drone  
  28  2:23  Drone  
  29  2:35  Drone, Overlord  
  30  2:52  Drone  
  30  2:53  Drone  
  30  2:55  Hatchery  
  31  2:59  Queen  
  31  3:05  Drone x2  
  35  3:07  Drone  
  35  3:09  Drone  
  37  3:14  Overlord  
  37  3:22  Drone x2  
  37  3:23  Drone x2  
  41  3:33  Overlord x2  
  41  3:36  Baneling Nest  
  41  3:38  Drone  
  41  3:48  Queen  
  41  3:52  Zergling x8  
  41  3:54  Zergling x2  
  41  3:55  Zergling x2  
  48  4:02  Drone  
  48  4:03  Drone x2  
  48  4:06  Extractor  
  48  4:09  Drone x2, Extractor  
  50  4:13  Drone  
  51  4:22  Drone  
  51  4:23  Drone x2  
  54  4:26  Drone  
  54  4:27  Drone x2, Queen  
  56  4:49  Zergling x10  
  59  4:56  Spine Crawler  
  59  4:57  Overlord  
  59  4:59  Lair  
  58  5:00  Drone  
  58  5:01  Drone x5  
  58  5:03  Queen  
  66  5:12  Drone  
  66  5:13  Drone x5  
  72  5:19  Baneling  
  72  5:20  Baneling x5  
  71  5:23  Zergling x10  
  74  5:41  Drone  
  70  5:44  Zergling x16  
  75  6:05  Drone x2, Evolution Chamber  
  75  6:06  Drone, Evolution Chamber  
  75  6:09  Drone x2, Hatchery  
  77  6:12  Drone x2, Extractor  
  77  6:13  Drone  
  79  6:19  Overseer  
  79  6:30  Queen  
  81  6:33  Overlord x3  
  81  6:44  Overlord x3  
  81  6:45  Infestation Pit  
  80  6:51  Queen  
  82  6:55  Drone  
  82  6:57  Drone  
  82  6:58  Drone x11  
  95  7:03  Zerg Melee Weapons Level 1  
  95  7:04  Zerg Ground Armor Level 1  
  95  7:11  Hydralisk Den  
  94  7:20  Overlord x3  
  94  7:21  Zergling x2  
  94  7:22  Zergling x20  
  105  7:27  Overlord  
  105  7:31  Zergling x2  
  105  7:32  Zergling x4  
  105  7:36  Drone, Extractor  
  105  7:37  Drone x2  
  110  7:40  Muscular Augments  
  110  7:42  Overlord x2  
  110  7:48  Hydralisk x6  
  110  7:50  Centrifical Hooks, Hatchery  
  120  7:54  Drone x2  
  120  7:57  Hydralisk x4  
  130  8:00  Baneling  
  130  8:01  Baneling x16  
  130  8:02  Overseer  
  130  8:07  Extractor  
  130  8:08  Extractor  
  130  8:09  Drone x2  
  130  8:10  Drone, Spine Crawler x2  
  130  8:12  Drone x2  
  131  8:13  Drone  
  131  8:14  Drone  
  133  8:20  Hydralisk x3  
  138  8:31  Hydralisk  
  138  8:32  Hydralisk x4  
  136  8:38  Zergling x2  
  136  8:39  Zergling x8  
  141  8:44  Zergling x12  
  147  8:51  Queen  
  147  8:52  Grooved Spines  
  147  8:54  Hydralisk  
  147  8:55  Hydralisk x4  
  157  8:57  Overlord x2  
  159  9:05  Zergling x8  
  163  9:12  Zergling x2  
  163  9:13  Zergling x2  
  165  9:19  Zergling x2  
  165  9:20  Zergling x8  
  141  9:34  Zergling x22  
  140  9:50  Zergling x14  
  140  9:51  Zergling x6  
  130  10:02  Hydralisk  
  130  10:03  Hydralisk x4  
  138  10:09  Zergling x4  
  138  10:12  Baneling  
  138  10:13  Baneling x22  
  140  10:16  Hydralisk x2  
  140  10:17  Hydralisk x2  
  148  10:23  Zergling x2  
  148  10:24  Zergling x8  
  152  10:33  Hydralisk x4  
  152  10:34  Hydralisk x5  
  148  10:41  Zergling x2  
  148  10:42  Zergling x14  
  145  10:50  Hydralisk x3  
  150  10:59  Zergling x2  
  150  11:00  Zergling x24  
  161  11:16  Swarm Host x3  
  161  11:17  Swarm Host  
  173  11:20  Overlord  
  173  11:21  Overlord x3  
  173  11:24  Overlord x2, Hatchery x2  
Show
View Real Time Build Order
Export as new Build Order

Venom Terran 

Build Orders: Reaper Expand, Mech 

Get SALT Encoding   

  12  0:01  SCV  
  13  0:13  SCV  
  14  0:17  Supply Depot  
  14  0:25  SCV  
  15  0:38  SCV  
  15  0:40  Barracks  
  16  0:44  Refinery  
  16  0:50  SCV  
  17  1:02  SCV  
  18  1:20  SCV  
  19  1:26  Reaper  
  20  1:33  Orbital Command  
  20  1:41  Command Center  
  20  1:50  Supply Depot  
  20  1:58  SCV  
  20  2:00  Marine  
  22  2:04  Refinery  
  22  2:10  SCV  
  22  2:14  Factory  
  23  2:25  Barracks Reactor  
  23  2:28  SCV  
  23  2:40  SCV  
  24  2:52  SCV  
  24  2:53  Orbital Command  
  25  2:59  Starport  
  25  3:04  SCV  
  26  3:07  Hellion x2  
  26  3:12  Marine  
  30  3:16  SCV  
  33  3:26  Orbital Command  
  31  3:28  SCV  
  31  3:30  Hellion x2  
  31  3:33  Supply Depot, Marine  
  37  3:37  Medivac  
  39  3:50  SCV  
  39  3:52  SCV  
  43  3:55  Widow Mine  
  43  4:02  SCV  
  45  4:10  SCV  
  45  4:11  Command Center  
  45  4:18  Armory, SCV  
  47  4:24  SCV  
  47  4:26  Supply Depot  
  47  4:31  Supply Depot  
  47  4:35  SCV  
  47  4:36  SCV  
  49  4:51  SCV x2  
  51  4:57  Hellion x2, Barracks Tech Lab  
  55  5:01  Refinery, Factory  
  55  5:02  Refinery  
  55  5:03  SCV x2  
  57  5:08  Starport Reactor  
  57  5:10  Supply Depot  
  57  5:16  Supply Depot, SCV x2  
  59  5:28  SCV x2  
  61  5:40  SCV x2  
  55  5:46  Hellion x2  
  59  5:54  Orbital Command, SCV x2  
  61  6:01  Terran Vehicle Weapons Level 1  
  61  6:02  Armory, Viking x2  
  65  6:06  SCV x2  
  65  6:07  Supply Depot  
  65  6:09  Supply Depot  
  67  6:18  SCV x2  
  69  6:21  Hellion x2, Siege Tank  
  76  6:30  SCV  
  76  6:31  Supply Depot  
  76  6:32  Supply Depot  
  77  6:33  Supply Depot  
  77  6:35  SCV  
  78  6:41  Supply Depot  
  78  6:42  SCV  
  78  6:43  Viking x2  
  78  6:44  Hellion  
  78  6:45  Hellion  
  87  6:48  Infernal Pre-Igniter  
  87  6:51  Orbital Command  
  87  6:52  Terran Ship Weapons Level 1  
  87  6:56  Engineering Bay  
  87  7:13  Hellion  
  87  7:14  Hellion, SCV x2, Siege Tank  
  87  7:15  Refinery  
  96  7:16  SCV  
  97  7:26  SCV x2  
  97  7:29  Missile Turret  
  99  7:35  SCV  
  99  7:36  Missile Turret  
  100  7:38  Refinery, SCV  
  100  7:39  Factory  
  100  7:40  SCV  
  100  7:42  Missile Turret x2  
  102  7:46  Siege Tank  
  102  7:47  SCV  
  102  7:50  SCV  
  107  7:52  Hellion x2, SCV  
  112  7:59  SCV  
  112  8:02  SCV  
  112  8:03  Terran Vehicle Weapons Level 2  
  112  8:04  SCV  
  115  8:06  Supply Depot  
  115  8:07  Supply Depot  
  115  8:08  Supply Depot  
  115  8:11  SCV  
  116  8:14  Factory  
  110  8:36  Factory Tech Lab  
  110  8:37  Hellion  
  110  8:38  Hellion, Liberator, Siege Tank  
  110  8:39  Liberator  
  117  8:50  Terran Ship Weapons Level 2  
  117  8:54  Building Armor, Refinery  
  117  8:55  Armory  
  117  8:57  Siege Tank  
  117  8:58  Command Center  
  126  9:06  Supply Depot x2  
  126  9:07  Supply Depot  
  126  9:08  Hellion x2, Factory Tech Lab  
  126  9:09  Missile Turret, Refinery, Sensor Tower  
  130  9:10  Missile Turret, Siege Tank  
  130  9:15  Smart Servos  
  131  9:29  Siege Tank  
  81  9:43  Orbital Command, Hellion  
  81  9:44  Hellion x3  
  80  9:52  SCV x2  
  64  10:02  Hellion  
  64  10:05  Hellion x3, SCV  
  64  10:06  SCV  
  74  10:09  SCV  
  74  10:10  SCV  
  76  10:17  SCV  
  76  10:18  SCV  
  78  10:21  SCV  
  78  10:22  SCV  
  78  10:23  Siege Tank x2  
  86  10:30  SCV x2  
  59  10:43  Hellion  
  59  10:44  Hellion x2  
  60  10:56  Planetary Fortress  
  53  11:07  Hellion x2  
  53  11:08  Hellion, Siege Tank x2  
  66  11:18  SCV x2  
  67  11:30  SCV x2  
Tags
 
Add a new tag
Caveats
  • Supply blocks, unpowered buildings, or Contaminate may cause inaccurate times.
  • Supply counts are checked every 10 seconds.